 Dungeon Crawl Stone Soup version 0.28-a0-706-gf6f64a616a (webtiles) character file.

Game seed: 10939634624016355250

782 KoroneIsBestGirl the Chiller (level 7, 0/46 HPs)
             Began as a Barachi Ice Elementalist on Oct 24, 2021.
             Was a Priest of Makhleb.
             Slain by a bullfrog zombie (4 damage)
             ... on level 5 of the Dungeon.
             The game lasted 00:06:48 (5847 turns).

KoroneIsBestGirl the Chiller (BaIE)                 Turns: 5847, Time: 00:06:49

Health: 0/46       AC:  7    Str:  9    XL:     7   Next: 86%
Magic:  0/13       EV: 13    Int: 18    God:    Makhleb [***...]
Gold:   216        SH:  0    Dex: 12    Spells: 10/14 levels left

rFire   . . .      SeeInvis .   k - staff of cold
rCold   + . .      Faith    .   (no shield)
rNeg    . . .      Spirit   +   a - +0 robe
rPois   .          Reflect  .   (no helmet)
rElec   .          Harm     .   (no cloak)
rCorr   +          Rampage  .   i - +0 pair of gloves
Will    .....                   (no boots)
Stlth   ++........              m - amulet of guardian spirit
HPRegen 0.15/turn               g - ring of resist corrosion
MPRegen 0.13/turn               s - +4 ring of protection

@: slow
A: amphibious, slowness 1, strong legs 1, +LOS
a: Hop, Renounce Religion, Minor Destruction, Lesser Servant of Makhleb


You were on level 5 of the Dungeon.
You worshipped Makhleb.
Makhleb was most pleased with you.
You visited 1 branch of the dungeon, and saw 5 of its levels.

You collected 216 gold pieces.

Inventory:

Hand Weapons
 c - a +0 short sword
Armour
 a - a +0 robe (worn)
 d - a +2 kite shield
 i - a +0 pair of gloves (worn)
Magical Staves
 k - a staff of cold (weapon)
Jewellery
 g - a ring of resist corrosion (left hand)
 m - an amulet of guardian spirit (around neck)
 s - a +4 ring of protection (right hand)
Wands
 q - a wand of polymorph (8)
 x - a wand of charming (5)
Scrolls
 j - a scroll of immolation {unknown}
 l - 2 scrolls of teleportation {unknown}
 r - a scroll of vulnerability {unknown}
 t - a scroll of enchant armour {unknown}
 u - a scroll of identify {unknown}
 v - 2 scrolls of fog {unknown}
Potions
 b - 4 potions of curing
 e - a potion of invisibility {unknown}
 f - a potion of attraction {unknown}
 h - 2 potions of might {unknown}
 n - 2 potions of heal wounds {unknown}
 o - a potion of magic {unknown}
 p - 2 potions of flight {unknown}
 w - a potion of brilliance {unknown}


   Skills:
 + Level 2.5 Staves
 + Level 4.4 Dodging
 - Level 1.7 Stealth
 * Level 4.4 Shields
 + Level 4.1 Spellcasting
 * Level 7.2 Ice Magic


You had 10 spell levels left.
You knew the following spells:

 Your Spells              Type           Power      Damage    Failure   Level
a - Freeze                Ice            100%       1d11      1%          1
b - Frozen Ramparts       Ice            88%        1d10      2%          3

Your spell library contained the following spells:

 Spells                   Type           Power      Damage    Failure   Level
 Ozocubu's Armour         Ice            44%        N/A       2%          3
 Animate Skeleton         Necr           6%         N/A       14%         1
 Pain                     Necr           12%        1d4       14%         1
 Hailstorm                Conj/Ice       25%        3d7       32%         4
 Vampiric Draining        Necr           1%         2d6       41%         3


Dungeon Overview and Level Annotations

Branches:
Dungeon (5/15)
 Temple: D:4-7

Altars:
Makhleb
Sif Muna
Vehumet
Yredelemnul

Shops:
D:4 [


Innate Abilities, Weirdness & Mutations

You are amphibious.
You cover ground slowly.
You can hop short distances.
You have an extended range of vision and can be seen from far away.


Message History

The bullfrog zombie hits you but does no damage.
You hit the bullfrog zombie but do no damage.
The bullfrog zombie is severely damaged.
The bullfrog zombie hits you.
You hit the bullfrog zombie but do no damage.
The bullfrog zombie is severely damaged.
The bullfrog zombie hits you but does no damage.
You hit the bullfrog zombie.
The bullfrog zombie is almost destroyed.
The bullfrog zombie barely misses you. The bullfrog zombie misses you.
You hit the bullfrog zombie.
The bullfrog zombie is almost destroyed.
The bullfrog zombie barely misses you.
You barely miss the bullfrog zombie.
The bullfrog zombie is almost destroyed.
The bullfrog zombie hits you.
You barely miss the bullfrog zombie.
The bullfrog zombie is almost destroyed.
The bullfrog zombie hits you.
* * * LOW HITPOINT WARNING * * *
The bullfrog zombie hits you but does no damage.
You hit the bullfrog zombie.
The bullfrog zombie is almost destroyed.
You are ready to hop once more.
The bullfrog zombie barely misses you.
You hit the bullfrog zombie but do no damage.
You freeze the bullfrog zombie.
The bullfrog zombie is almost destroyed.
The bullfrog zombie hits you but does no damage.
The bullfrog zombie hits you.
* * * LOW HITPOINT WARNING * * *
You hit the bullfrog zombie but do no damage.
The bullfrog zombie is almost destroyed.
The bullfrog zombie closely misses you.
You hit the bullfrog zombie but do no damage.
The bullfrog zombie is almost destroyed.
The bullfrog zombie hits you.
* * * LOW HITPOINT WARNING * * *
The bullfrog zombie hits you.
You die...

#.#######. # #))...o... #
#)# # #Z# # #.# # ####.#
# #....# ######## #Z####
#....... #@# #.####..
###.#### #.# #.# #......#
#.# #.#
####.####.######.####..
...................... #
≈≈≈≈≈.≈≈≈≈≈.≈≈≈≈≈.≈≈≈≈≈
#.≈###≈.≈###≈.≈###≈.≈###≈
#.≈ #≈.≈# #≈.≈# #≈.≈# #≈
#.≈###≈.≈###≈.≈###≈.≈###≈


You could see a bullfrog zombie.

Vanquished Creatures
  A sky beast (D:5)
  2 ogres (D:5)
  A scorpion (D:4)
  A bullfrog zombie (D:5)
  2 hounds (D:4)
  An orc priest (D:5)
  An iguana (D:4)
  4 orc wizards
  A hound skeleton (D:5)
  A gnoll (D:1)
  9 adders
  A shadow imp (D:4)
  2 adder skeletons (D:4)
  A worm (D:2)
  2 dart slugs
  13 orcs
  7 ball pythons
  3 endoplasms
  7 giant cockroaches
  6 goblins
  9 hobgoblins
  9 kobolds
  2 quokkas
  6 bats
  5 frilled lizards
  9 rats
106 creatures vanquished.

Notes
Turn   | Place    | Note
-------+----------+-------------------------------------------
     0 | D:1      | KoroneIsBestGirl the Barachi Ice Elementalist began the
                  | quest for the Orb.
     0 | D:1      | Reached XP level 1. HP: 13/13 MP: 3/3
   156 | D:1      | Reached skill level 5 in Ice Magic
   156 | D:1      | Reached XP level 2. HP: 19/19 MP: 1/5
   610 | D:1      | Found a faded altar of an unknown god.
   625 | D:1      | Prayed at the altar of an unknown god.
   625 | D:1      | Became a worshipper of Makhleb the Destroyer
   625 | D:1      | Reached * piety under Makhleb
  1080 | D:2      | Reached XP level 3. HP: 12/24 MP: 4/7
  1084 | D:2      | Learned a level 3 spell: Frozen Ramparts
  1693 | D:1      | You fall into a shaft and drop 1 floor!
  2377 | D:2      | Reached XP level 4. HP: 30/30 MP: 5/8
  2578 | D:2      | Reached skill level 1 in Shields
  3047 | D:3      | Reached ** piety under Makhleb
  3307 | D:3      | Found a shimmering blue altar of Sif Muna.
  3360 | D:3      | Reached XP level 5. HP: 30/35 MP: 7/9
  3717 | D:3      | Found a radiant altar of Vehumet.
  4146 | D:4      | Reached skill level 6 in Ice Magic
  4184 | D:4      | Reached skill level 1 in Staves
  4184 | D:4      | Reached XP level 6. HP: 38/41 MP: 6/11
  4447 | D:4      | Found Tidelir's Armour Shop.
  4777 | D:4      | Reached *** piety under Makhleb
  5076 | D:5      | Entered Level 5 of the Dungeon
  5083 | D:5      | Reached XP level 7. HP: 46/46 MP: 6/12
  5303 | D:5      | Found a basalt altar of Yredelemnul.
  5567 | D:5      | Reached skill level 7 in Ice Magic
  5847 | D:5      | Slain by a bullfrog zombie

Illustrated notes

Levels and vault maps discovered:
D:1:      pf_arrival_petrified_forest, layout_basic,
          ebering_ecumenical_altar_webs
D:2:      layout_basic
D:3:      layout_rooms, mainiacjoe_overflow_alcove_4, nicolae_vehumet_radiance,
          minivault_24
D:4:      layout_basic, nicolae_overflow_hidden_temple,
          nicolae_inconvenience_store, grunt_ministairs_2
D:5:      layout_loops_ring, yredelemnul_altar_generic, lemuel_tele_altar,
          kennysheep_boxes

Skill      XL: |  1  2  3  4  5  6  7 |
---------------+----------------------+-----
Ice Magic      | 5 6 7 |  7.2
Dodging        | 3 4 |  4.4
Spellcasting   | 3 4 |  4.1
Shields        | 1 2 3 4 |  4.4
Staves         | 1 2 |  2.5
Stealth        | |  1.7

Action                   |  1- 3 |  4- 6 |  7- 9 || total
-------------------------+-------+-------+-------++-------
Melee: Unarmed           |     7 |       |       ||     7
       Short sword       |    12 |    10 |       ||    22
       Staff             |       |    67 |    75 ||   142
 Cast: Freeze            |    49 |    83 |    18 ||   150
       Frozen Ramparts   |     1 |     4 |     1 ||     6
 Abil: Hop               |     1 |     1 |     2 ||     4
  Use: Scroll            |     1 |       |       ||     1
       Potion            |       |       |     1 ||     1
 Stab: Sleeping          |       |       |     1 ||     1
Armor: Robe              |    11 |    52 |    29 ||    92
Dodge: Dodged            |    38 |    86 |    62 ||   186

Table legend: (Time is in decaauts)
 A = Elapsed time spent in this place.
 B = Non-inter-level travel time spent in this place.
 C = Inter-level travel time spent in this place.
 D = Time resting spent in this place.
 E = Time spent auto-exploring this place.
 F = Levels seen in this place.
 G = Mean time per level.
                   A        B        C        D        E       F      G
               +--------+--------+--------+--------+--------+-----+--------+
         Total |   6398 |   6085 |    313 |    851 |   4316 |   5 | 1279.6 |
       Dungeon |   6398 |   6085 |    313 |    851 |   4316 |   5 | 1279.6 |
               +--------+--------+--------+--------+--------+-----+--------+

Top non-repeatable levels by time:
     D:2: 1925 daAuts
     D:1: 1566 daAuts
     D:4: 1254 daAuts
     D:5: 835 daAuts
     D:3: 816 daAuts
